 Dungeon Crawl Stone Soup version 0.31-a0-1074-g0b22e4e0f1 (webtiles) character file.

Game seed: 12662052152907276531

185 otakuarchivist the Changeling (level 5, -3/42 HPs)
             Began as a Draconian Shapeshifter on Dec 4, 2023.
             Killed by nerve-wracking pain
             ... invoked by an orc priest
              (12 damage)
             ... on level 3 of the Dungeon.
             The game lasted 00:03:38 (1896 turns).

otakuarchivist the Changeling (DrSh)                Turns: 1896, Time: 00:03:39

Health: -3/42      AC:  5    Str: 18    XL:     5   Next: 37%
Magic:  5/5        EV: 12    Int: 11    God:
Gold:   151        SH:  0    Dex: 10    Spells: 4/4 levels left

rFire   . .          .
                       - Unarmed
rCold   . . .        (no shield)
rNeg    . . .        (body armour unavailable)
rPois   .            (helmet currently unavailable)
rElec   .            (cloak currently unavailable)
rCorr   .            (gloves currently unavailable)
SInv    .            (boots currently unavailable)
Will    .....        (no amulet)
Stlth   +            (no ring)
HPRegen 0.27/turn    (no ring)
MPRegen 0.09/turn

%: no passive effects
@: beast-form
A: beast (slay +2), AC +5, unfitting armour, cold-blooded
a: Begin Untransformation


You were on level 3 of the Dungeon.
You were a hulking beast.
You visited 1 branch of the dungeon, and saw 3 of its levels.

You collected 151 gold pieces.

Inventory:

Missiles
 f - a throwing net
Jewellery
 h - an amulet of reflection
Talismans
 b - a beast talisman
 c - a flux talisman
Scrolls
 d - a scroll of enchant weapon
 e - 4 scrolls of silence
 k - a scroll of teleportation
 l - a scroll of blinking
Potions
 a - a potion of lignification
 g - 2 potions of curing
 i - a potion of brilliance
 m - a potion of heal wounds


   Skills:
 + Level 2.7 Fighting
 + Level 2.7 Dodging
 + Level 3.8 Unarmed Combat
 * Level 4.3 Shapeshifting


You had 4 spell levels left.
You didn't know any spells.
Your spell library was empty.

Dungeon Overview and Level Annotations

Branches:
Dungeon (3/15)

Altars:


Innate Abilities, Weirdness & Mutations

You are a hulking beast.
Your limbs bulge with bestial killing power. (Slay +2)
Your plain brown scales are hard. (AC +5)
You cannot fit into any form of body armour.
You are cold-blooded and may be slowed by cold attacks.


Message History

An orc priest comes into view. It is wielding a +0 falchion.
The orc closely misses you.
You barely miss the orc.
The orc priest shouts!
You punch the orc.
The orc is severely wounded.
The orc hits you with a +0 whip.
You barely miss the orc.
The orc is severely wounded.
The orc closely misses you. The orc barely misses you.
You hit the orc.
You kill the orc!
You closely miss the orc. The orc barely misses you.
The orc hits you with a +0 hand axe.
You barely miss the orc. You tail-slap the orc.
You kill the orc!
The orc priest casts a cantrip, but nothing happens.
The orc completely misses you. The orc hits you with a +0 flail!
Things that are here:
a +0 whip; a +0 club; an orc corpse The orc closely misses you.
You closely miss the orc priest.
Your tail-slap misses the orc priest.
The orc priest mumbles some strange prayers to Beogh against you.
Beogh smites you! The orc misses you. The orc hits you with a +0 hand axe.
You barely miss the orc priest. You tail-slap the orc priest.
The orc priest is moderately wounded.
The orc hits you with a +0 hand axe.
* * * LOW HITPOINT WARNING * * *
The orc closely misses you. The orc priest misses you.
You punch the orc priest!
The orc priest is almost dead.
The orc priest barely misses you. The orc completely misses you.
The orc hits you with a +0 flail.
* * * LOW HITPOINT WARNING * * *
You hit the orc priest but do no damage.
The orc priest is almost dead.
The orc hits you but does no damage.
The orc priest mumbles some strange prayers to Beogh against you.
Pain shoots through your body!
You die...

.... ..#
##...###.##
##....)....
##.......#.##
.......#....#
##..>....#..#
...$...oo#..#
..)..(oh).†.#
#####.....#.......
.......<.#######.
###......#
.........#
###...#### ##..
###


You could see an orc priest and 2 orcs.

Vanquished Creatures
  An ogre (D:2)
  An orc priest (D:2)
  3 adders (D:2)
  2 dart slugs (D:1)
  4 orcs
  4 endoplasms
  A giant cockroach (D:1)
  3 goblins
  4 hobgoblins
  3 quokkas (D:2)
  4 ball pythons
  3 frilled lizards
  A kobold (D:1)
  2 rats
36 creatures vanquished.

Notes
Turn   | Place    | Note
-------+----------+-------------------------------------------
     0 | D:1      | otakuarchivist the Draconian Shapeshifter began the quest
                  | for the Orb.
     0 | D:1      | Reached XP level 1. HP: 16/16 MP: 1/1
   186 | D:1      | Reached XP level 2. HP: 23/23 MP: 2/2
   850 | D:2      | Reached XP level 3. HP: 20/29 MP: 3/3
   953 | D:2      | Noticed an ogre
   962 | D:2      | Killed an ogre
   963 | D:2      | Reached skill level 4 in Shapeshifting
   963 | D:2      | Reached XP level 4. HP: 11/37 MP: 4/4
  1289 | D:2      | Reached XP level 5. HP: 9/42 MP: 5/5
  1294 | D:2      | HP: 1/42 [orc/+0 club (5)]
  1896 | D:3      | Killed from afar by an orc priest

Illustrated notes

Levels and vault maps discovered:
D:1:      reono_arrival_forest_river, layout_loops_ring, chequers_avenue,
          nrook_mini_vaults
D:2:      layout_basic, grunt_ministairs_7, chequers_serial_rivers_micro_a
D:3:      layout_loops_ring, nicolae_sif_muna_little_library

Skill      XL: |  1  2  3 |
---------------+----------+-----
Dodging        | 2 |  2.7
Fighting       | 2 |  2.7
Shapeshifting  | 4 |  4.3
Unarmed Combat | |  3.8

Action                     |  1- 3 |  4- 6 || total
---------------------------+-------+-------++-------
  Melee: Unarmed           |    67 |    48 ||   115
         Tailslap          |     8 |     6 ||    14
         Punch             |     2 |     2 ||     4
    Use: Scroll            |     7 |     2 ||     9
         Potion            |       |     1 ||     1
 Armour: Skin              |    32 |    34 ||    66
  Dodge: Dodged            |    28 |    50 ||    78

Table legend: (Time is in decaauts)
 A = Elapsed time spent in this place.
 B = Non-inter-level travel time spent in this place.
 C = Inter-level travel time spent in this place.
 D = Time resting spent in this place.
 E = Time spent auto-exploring this place.
 F = Levels seen in this place.
 G = Mean time per level.
                   A        B        C        D        E       F      G
               +--------+--------+--------+--------+--------+-----+--------+
         Total |   1894 |   1862 |     32 |      0 |   1561 |   3 |  631.3 |
       Dungeon |   1894 |   1862 |     32 |      0 |   1561 |   3 |  631.3 |
               +--------+--------+--------+--------+--------+-----+--------+

Top non-repeatable levels by time:
     D:2: 1160 daAuts
     D:1: 720 daAuts
     D:3: 14 daAuts
